TOP OF THE 1ST |
Williamsport Crosscutters batting - Pitching for Auburn Doubledays : RHP Chris Bonham
|
Pitching: RHP Chris Bonham
|
|
Batting: RHB Prabhukumar Santhanakrishnan
|
0-0: Called Strike 0-1: Called Strike 0-2: SINGLE (Line Drive, 9S, EV 93.1 MPH)
|
Batting: RHB Alan Weller
|
0-0: Called Strike 0-1: Fielders Choice at 2nd, 4-6 (Groundball, 34D, EV 86.3 MPH)
|
Batting: SHB Benjamin Brown
|
0-0: Called Strike 0-1: Fielders Choice at 2nd, 4-6 (Groundball, 34, EV 88.1 MPH)
|
Batting: LHB Tsuneharu Nishimura
|
0-0: Ball 1-0: Ball Benjamin Brown is caught stealing 2nd base 2-6
|
Top of the 1st over - 0 runs, 1 hit, 0 errors, 0 left on base; Williamsport 0 - Auburn 0 |
BOTTOM OF THE 1ST |
Auburn Doubledays batting - Pitching for Williamsport Crosscutters : RHP Josh Palmer
|
Pitching: RHP Josh Palmer
|
|
Batting: RHB Jim Miske
|
0-0: Called Strike 0-1: Called Strike 0-2: Strikes out swinging
|
Batting: RHB Ryan Hiemer
|
0-0: Called Strike 0-1: Ball 1-1: Swinging Strike 1-2: SINGLE (Groundball, 56D, EV 96.3 MPH)
|
Batting: LHB John Luke
|
0-0: Reached on error, E6 (Groundball, 6M, EV 105.0 MPH) Ryan Hiemer to second
|
Batting: RHB Slavik Nebrodov
|
0-0: Swinging Strike 0-1: Foul Ball, location: 2F 0-2: Strikes out swinging
|
Batting: LHB Elias Posada
|
0-0: Fly out, F8 (Flyball, 78S, EV 86.9 MPH)
|
Bottom of the 1st over - 0 runs, 1 hit, 1 error, 2 left on base; Williamsport 0 - Auburn 0 |
TOP OF THE 2ND |
Williamsport Crosscutters batting - Pitching for Auburn Doubledays : RHP Chris Bonham
|
Batting: LHB Tsuneharu Nishimura
|
0-0: Reached on error, E4 (Groundball, 4, EV 77.5 MPH)
|
Batting: RHB Matt McDevitt
|
0-0: Ball 1-0: Ball 2-0: Foul Ball, location: 2F 2-1: Ball 3-1: SINGLE (Groundball, 4S, EV 70.0 MPH) (infield hit) Tsuneharu Nishimura to second
|
Batting: RHB Allen Gravel
|
0-0: DOUBLE (Line Drive, 9LS, EV 104.4 MPH) Tsuneharu Nishimura scores Matt McDevitt to third Runner from 3rd tries for Home, SAFE, no throw by RF
|
Batting: RHB Moritake Fukumoto
|
0-0: Reached on error, E6 (Flyball, 56D, EV 84.4 MPH) Allen Gravel to third
|
Batting: RHB Jimmy Misener
|
0-0: Ball 1-0: Ball 2-0: Foul Ball, location: 2F 2-1: Called Strike 2-2: 3-RUN HOME RUN (Flyball, 8RXD, EV 116.3 MPH), Distance : 457 ft
|
Batting: RHB Cory Bonham
|
0-0: Called Strike 0-1: Ball 1-1: Ball 2-1: Ground out 6-3 (Groundball, 6, EV 102.5 MPH)
|
Batting: RHB Prabhukumar Santhanakrishnan
|
0-0: Called Strike 0-1: Ball 1-1: Foul Ball, location: 2F 1-2: Ball 2-2: Ball 3-2: Base on Balls
|
Batting: RHB Alan Weller
|
0-0: Ball Prabhukumar Santhanakrishnan steals 2nd base 1-0: Ball 2-0: Ball 3-0: SINGLE (Groundball, 4MD, EV 93.8 MPH) Prabhukumar Santhanakrishnan to third Runner from 3rd tries for Home, SAFE, throw by CF to home Alan Weller to second
|
Pitching: LHP Juan Bonet
|
|
Batting: SHB Benjamin Brown
|
0-0: Called Strike 0-1: Foul Ball, location: 2F 0-2: Fly out, F8 (Line Drive, 8RM, EV 105.0 MPH)
|
Batting: LHB Tsuneharu Nishimura
|
0-0: Ball 1-0: Ball 2-0: SINGLE (Line Drive, 34D, EV 97.5 MPH) Alan Weller to third Runner from 3rd tries for Home, SAFE, throw by RF to home Tsuneharu Nishimura to second
|
Batting: RHB Matt McDevitt
|
0-0: Called Strike 0-1: Ball 1-1: Fly out, F9 (Flyball, 9, EV 90.0 MPH)
|
Top of the 2nd over - 7 runs, 5 hits, 2 errors, 1 left on base; Williamsport 7 - Auburn 0 |
BOTTOM OF THE 2ND |
Auburn Doubledays batting - Pitching for Williamsport Crosscutters : RHP Josh Palmer
|
Batting: SHB Alex Medina
|
0-0: Foul Ball, location: 2F 0-1: Foul Ball, location: 2F 0-2: Ball 1-2: Ground out 6-3 (Groundball, 6, EV 88.8 MPH)
|
Batting: RHB Jeff Page
|
0-0: Swinging Strike 0-1: Foul Ball, location: 2F 0-2: Foul Ball, location: 2F 0-2: Strikes out swinging
|
Batting: RHB Joe Young
|
0-0: Ground out 4-3 (Groundball, 4S, EV 66.3 MPH)
|
Bottom of the 2nd over - 0 runs, 0 hits, 0 errors, 0 left on base; Williamsport 7 - Auburn 0 |
TOP OF THE 3RD |
Williamsport Crosscutters batting - Pitching for Auburn Doubledays : LHP Juan Bonet
|
Batting: RHB Allen Gravel
|
0-0: Ground out 6-3 (Groundball, 6, EV 89.4 MPH)
|
Batting: RHB Moritake Fukumoto
|
0-0: Ball 1-0: SINGLE (Groundball, 4D, EV 111.9 MPH)
|
Batting: RHB Jimmy Misener
|
0-0: Ball 1-0: Ball 2-0: Ball 3-0: Base on Balls Moritake Fukumoto to second
|
Batting: RHB Cory Bonham
|
0-0: Ball 1-0: Ball 2-0: Ball 3-0: Called Strike 3-1: Foul Ball, location: 2F 3-2: Foul Ball, location: 2F 3-2: Base on Balls Moritake Fukumoto to third Jimmy Misener to second
|
Batting: RHB Prabhukumar Santhanakrishnan
|
0-0: Ball 1-0: Fielders Choice at 2nd, 5-4 (Groundball, 56, EV 92.5 MPH) Moritake Fukumoto scores Jimmy Misener to third
|
Batting: RHB Alan Weller
|
0-0: Ball 1-0: Called Strike 1-1: Fielders Choice at 2nd, U4 (Groundball, 4M, EV 82.5 MPH)
|
Top of the 3rd over - 1 run, 1 hit, 0 errors, 2 left on base; Williamsport 8 - Auburn 0 |
BOTTOM OF THE 3RD |
Auburn Doubledays batting - Pitching for Williamsport Crosscutters : RHP Josh Palmer
|
Batting: RHB David Rojas
|
0-0: Ball 1-0: Ball 2-0: Ball 3-0: Called Strike 3-1: SINGLE (Groundball, 4, EV 99.4 MPH)
|
Batting: RHB Jim Miske
|
0-0: Called Strike 0-1: Ball 1-1: Ball 2-1: Ball 3-1: Called Strike 3-2: Foul Ball, location: 2F 3-2: Foul Ball, location: 2F 3-2: Fielders Choice at 2nd, 5-4 (Groundball, 56, EV 83.1 MPH)
|
Batting: RHB Ryan Hiemer
|
0-0: Ball 1-0: Called Strike 1-1: Fly out, F9 (Flyball, 9LS, EV 93.1 MPH)
|
Batting: LHB John Luke
|
0-0: Called Strike 0-1: Ball 1-1: Foul Ball, location: 2F 1-2: Strikes out swinging
|
Bottom of the 3rd over - 0 runs, 1 hit, 0 errors, 1 left on base; Williamsport 8 - Auburn 0 |
TOP OF THE 4TH |
Williamsport Crosscutters batting - Pitching for Auburn Doubledays : LHP Juan Bonet
|
Batting: SHB Benjamin Brown
|
0-0: Ball 1-0: Foul Ball, location: 2F 1-1: Swinging Strike 1-2: Ball 2-2: Foul Ball, location: 2F 2-2: SINGLE (Line Drive, 9S, EV 103.8 MPH)
|
Batting: LHB Tsuneharu Nishimura
|
Pickoff Throw to First - Out! 1-3 0-0: Called Strike 0-1: SINGLE (Groundball, 6MD, EV 96.3 MPH)
|
Batting: RHB Matt McDevitt
|
0-0: Called Strike 0-1: Ball 1-1: Grounds into double play, 6-4-3 (Groundball, 6, EV 84.4 MPH)
|
Top of the 4th over - 0 runs, 2 hits, 0 errors, 0 left on base; Williamsport 8 - Auburn 0 |
BOTTOM OF THE 4TH |
Auburn Doubledays batting - Pitching for Williamsport Crosscutters : RHP Josh Palmer
|
Batting: RHB Slavik Nebrodov
|
0-0: Ball 1-0: Called Strike 1-1: Called Strike 1-2: Foul Ball, location: 2F 1-2: Ball 2-2: Fly out, F8 (Flyball, 8LD, EV 110.6 MPH)
|
Batting: LHB Elias Posada
|
0-0: Called Strike 0-1: Ball 1-1: Swinging Strike 1-2: Foul Ball, location: 2F 1-2: Strikes out swinging
|
Batting: SHB Alex Medina
|
0-0: Called Strike 0-1: Foul Ball, location: 2F 0-2: Ball 1-2: Ground out 4-3 (Groundball, 4, EV 83.1 MPH)
|
Bottom of the 4th over - 0 runs, 0 hits, 0 errors, 0 left on base; Williamsport 8 - Auburn 0 |
TOP OF THE 5TH |
Williamsport Crosscutters batting - Pitching for Auburn Doubledays : LHP Juan Bonet
|
Batting: RHB Allen Gravel
|
0-0: Ball 1-0: Fly out, F8 (Flyball, 8LS, EV 82.5 MPH)
|
Batting: RHB Moritake Fukumoto
|
0-0: Called Strike 0-1: Called Strike 0-2: Ball 1-2: Ball 2-2: Foul Ball, location: 2F 2-2: Strikes out swinging
|
Batting: RHB Jimmy Misener
|
0-0: SOLO HOME RUN (Flyball, 78XD, EV 115.0 MPH), Distance : 428 ft
|
Batting: RHB Cory Bonham
|
0-0: Ball 1-0: Foul Ball, location: 2F 1-1: Foul Ball, location: 2F 1-2: Ball 2-2: Foul Ball, location: 2F 2-2: Ball 3-2: Ground out 5-3 (Groundball, 56S, EV 91.3 MPH)
|
Top of the 5th over - 1 run, 1 hit, 0 errors, 0 left on base; Williamsport 9 - Auburn 0 |
BOTTOM OF THE 5TH |
Auburn Doubledays batting - Pitching for Williamsport Crosscutters : RHP Josh Palmer
|
Batting: RHB Jeff Page
|
0-0: Ball 1-0: Ground out U3 (Groundball, 34S, EV 93.8 MPH)
|
Batting: RHB Joe Young
|
0-0: Ground out 5-3 (Groundball, 56, EV 83.1 MPH)
|
Batting: RHB David Rojas
|
0-0: Ball 1-0: Fly out, F4 (Line Drive, 4, EV 69.4 MPH)
|
Bottom of the 5th over - 0 runs, 0 hits, 0 errors, 0 left on base; Williamsport 9 - Auburn 0 |
TOP OF THE 6TH |
Williamsport Crosscutters batting - Pitching for Auburn Doubledays : LHP Juan Bonet
|
Batting: RHB Prabhukumar Santhanakrishnan
|
0-0: Ground out 5-3 (Groundball, 5, EV 82.5 MPH)
|
Batting: RHB Alan Weller
|
0-0: SINGLE (Groundball, 4D, EV 106.9 MPH)
|
Pitching: LHP Ruben de Leon
|
|
Batting: SHB Benjamin Brown
|
0-0: Ball 1-0: Ball 2-0: Foul Ball, location: 2F 2-1: SINGLE (Line Drive, 8RS, EV 103.8 MPH) Alan Weller to second
|
Batting: LHB Tsuneharu Nishimura
|
0-0: Foul Ball, location: 2F 0-1: Foul Ball, location: 2F 0-2: Ball 1-2: Strikes out looking
|
Batting: RHB Matt McDevitt
|
0-0: Ball 1-0: Fly out, F2 (Popup, 3SF, EV 81.9 MPH)
|
Top of the 6th over - 0 runs, 2 hits, 0 errors, 2 left on base; Williamsport 9 - Auburn 0 |
BOTTOM OF THE 6TH |
Auburn Doubledays batting - Pitching for Williamsport Crosscutters : RHP Josh Palmer
|
Batting: RHB Jim Miske
|
0-0: Called Strike 0-1: Foul Ball, location: 2F 0-2: Ball 1-2: Ball 2-2: Ground out 6-3 (Groundball, 6M, EV 89.4 MPH)
|
Batting: RHB Ryan Hiemer
|
0-0: Ball 1-0: Foul Ball, location: 2F 1-1: Ball 2-1: Swinging Strike 2-2: Foul Ball, location: 2F 2-2: Foul Ball, location: 2F 2-2: Strikes out looking
|
Batting: LHB John Luke
|
0-0: Ball 1-0: Swinging Strike 1-1: Ball 2-1: Ball 3-1: Base on Balls
|
Batting: RHB Slavik Nebrodov
|
0-0: Swinging Strike 0-1: Swinging Strike 0-2: Strikes out swinging
|
Bottom of the 6th over - 0 runs, 0 hits, 0 errors, 1 left on base; Williamsport 9 - Auburn 0 |
TOP OF THE 7TH |
Williamsport Crosscutters batting - Pitching for Auburn Doubledays : LHP Ruben de Leon
|
Batting: RHB Allen Gravel
|
0-0: Ball 1-0: SINGLE (Groundball, 34D, EV 95.6 MPH)
|
Batting: RHB Moritake Fukumoto
|
0-0: Called Strike 0-1: Called Strike 0-2: Fly out, F7 (Flyball, 7LM, EV 81.9 MPH)
|
Pinch Hitting: SHB Matt Sybrant
|
0-0: Ball 1-0: Ball 2-0: Ball 3-0: Base on Balls Allen Gravel to second
|
Batting: RHB Cory Bonham
|
0-0: Foul Ball, location: 2F 0-1: Ball 1-1: Called Strike 1-2: Fielders Choice at 3rd, U5 (Groundball, 5L, EV 93.8 MPH) Matt Sybrant to second
|
Batting: RHB Prabhukumar Santhanakrishnan
|
0-0: Called Strike 0-1: Ball 1-1: Called Strike 1-2: Fly out, F9 (Flyball, 9S, EV 93.8 MPH)
|
Top of the 7th over - 0 runs, 1 hit, 0 errors, 2 left on base; Williamsport 9 - Auburn 0 |
BOTTOM OF THE 7TH |
Auburn Doubledays batting - Pitching for Williamsport Crosscutters : RHP Josh Palmer
|
Now in RF: Matt Sybrant
|
|
Batting: LHB Elias Posada
|
0-0: Ball 1-0: Ball 2-0: Ball 3-0: Called Strike 3-1: SINGLE (Groundball, 34S, EV 67.5 MPH) (infield hit)
|
Batting: SHB Alex Medina
|
0-0: Ball 1-0: Called Strike 1-1: Swinging Strike 1-2: Foul Ball, location: 2F 1-2: Ball 2-2: Ball 3-2: Base on Balls Elias Posada to second
|
Batting: RHB Jeff Page
|
0-0: Ball 1-0: Ball 2-0: Ball 3-0: Called Strike 3-1: Foul Ball, location: 2F 3-2: Base on Balls Elias Posada to third Alex Medina to second
|
Batting: RHB Joe Young
|
0-0: Swinging Strike 0-1: Ball 1-1: Ball 2-1: Ball 3-1: Base on Balls Elias Posada scores Alex Medina to third Jeff Page to second
|
Pitching: RHP Shunichi Ogawa
|
|
Batting: RHB David Rojas
|
0-0: Ball 1-0: Called Strike 1-1: Called Strike 1-2: Ball 2-2: Foul Ball, location: 2F 2-2: Foul Ball, location: 2F 2-2: Ball 3-2: Fielders Choice at 2nd, 5-4 (Groundball, 15, EV 80.6 MPH) Alex Medina scores Jeff Page to third
|
Batting: RHB Jim Miske
|
0-0: Called Strike 0-1: Ball 1-1: Swinging Strike Passed Ball! Jeff Page scores David Rojas to second 1-2: Foul Ball, location: 2F 1-2: Ball 2-2: Strikes out swinging
|
Batting: RHB Ryan Hiemer
|
0-0: Called Strike 0-1: Foul Ball, location: 2F 0-2: Ball 1-2: Strikes out swinging
|
Bottom of the 7th over - 3 runs, 1 hit, 0 errors, 1 left on base; Williamsport 9 - Auburn 3 |
TOP OF THE 8TH |
Williamsport Crosscutters batting - Pitching for Auburn Doubledays : LHP Ruben de Leon
|
Batting: RHB Alan Weller
|
0-0: Ground out 6-3 (Groundball, 6, EV 80.0 MPH)
|
Batting: SHB Benjamin Brown
|
0-0: Ball 1-0: Foul Ball, location: 2F 1-1: Foul Ball, location: 2F 1-2: Foul Ball, location: 2F 1-2: Ball 2-2: DOUBLE (Line Drive, 5D, EV 98.8 MPH)
|
Batting: LHB Tsuneharu Nishimura
|
0-0: Foul Ball, location: 2F 0-1: Ball 1-1: Ball 2-1: Ball 3-1: Base on Balls
|
Batting: RHB Matt McDevitt
|
0-0: Grounds into double play, 4-6-3 (Groundball, 4, EV 93.1 MPH)
|
Top of the 8th over - 0 runs, 1 hit, 0 errors, 1 left on base; Williamsport 9 - Auburn 3 |
BOTTOM OF THE 8TH |
Auburn Doubledays batting - Pitching for Williamsport Crosscutters : RHP Shunichi Ogawa
|
Batting: LHB John Luke
|
0-0: Ball 1-0: Ground out U3 (Groundball, 3, EV 109.4 MPH)
|
Batting: RHB Slavik Nebrodov
|
0-0: Called Strike 0-1: Ball 1-1: Ground out 6-3 (Groundball, 6MD, EV 105.0 MPH)
|
Batting: LHB Elias Posada
|
0-0: Ball 1-0: Called Strike 1-1: Foul Ball, location: 2F 1-2: Strikes out looking
|
Bottom of the 8th over - 0 runs, 0 hits, 0 errors, 0 left on base; Williamsport 9 - Auburn 3 |
TOP OF THE 9TH |
Williamsport Crosscutters batting - Pitching for Auburn Doubledays : LHP Ruben de Leon
|
Batting: RHB Allen Gravel
|
0-0: Ball 1-0: Swinging Strike 1-1: Fly out, F8 (Flyball, 78D, EV 86.3 MPH)
|
Batting: RHB Moritake Fukumoto
|
0-0: Ball 1-0: Called Strike 1-1: Foul Ball, location: 2F 1-2: Ground out 5-3 (Groundball, 56, EV 90.0 MPH)
|
Batting: SHB Matt Sybrant
|
0-0: Ball 1-0: Ball 2-0: Ground out 4-3 (Groundball, 4, EV 86.3 MPH)
|
Top of the 9th over - 0 runs, 0 hits, 0 errors, 0 left on base; Williamsport 9 - Auburn 3 |
BOTTOM OF THE 9TH |
Auburn Doubledays batting - Pitching for Williamsport Crosscutters : RHP Shunichi Ogawa
|
Batting: SHB Alex Medina
|
0-0: Ball 1-0: Swinging Strike 1-1: Foul Ball, location: 2F 1-2: Strikes out swinging
|
Batting: RHB Jeff Page
|
0-0: Ball 1-0: Swinging Strike 1-1: Fly out, F8 (Line Drive, 8RD, EV 87.5 MPH)
|
Batting: RHB Joe Young
|
0-0: Ball 1-0: Ball 2-0: Ball 3-0: Base on Balls
|
Batting: RHB David Rojas
|
0-0: Swinging Strike 0-1: Ball 1-1: Ball 2-1: Swinging Strike 2-2: Strikes out looking
|
Bottom of the 9th over - 0 runs, 0 hits, 0 errors, 1 left on base; Williamsport 9 - Auburn 3 |
|